Map: Ulrena

Players

Solstice - Winner!

  • Race: Protoss Protoss
  • League: Bronze

Jaeger

  • Race: Terran Terran
  • League: Bronze

VOD

Have the link to the VOD?

Description

Time

  • Played on: April 29, 2016, 9:39 p.m.
  • Length: 18:49
Show
View Real Time Build Order
Export as new Build Order

Solstice Protoss - Winner!

Build Orders:  

Get SALT Encoding   

  12  0:01  Probe (Chrono Boost)  
  13  0:14  Pylon  
  13  0:18  Probe (Chrono Boost)  
  14  0:29  Probe (Chrono Boost)  
  15  0:35  Gateway  
  15  0:40  Probe (Chrono Boost)  
  16  0:46  Assimilator  
  16  0:51  Probe (Chrono Boost)  
  17  1:01  Probe (Chrono Boost)  
  18  1:07  Forge  
  18  1:12  Probe (Chrono Boost)  
  18  1:18  Assimilator  
  19  1:25  Cybernetics Core  
  19  1:28  Probe (Chrono Boost)  
  20  1:39  Probe (Chrono Boost)  
  21  1:48  Zealot  
  21  1:54  Pylon  
  23  2:00  Pylon  
  23  2:09  Warp Gate  
  23  2:12  Probe (Chrono Boost)  
  24  2:16  Protoss Shields Level 1  
  25  2:22  Probe (Chrono Boost)  
  25  2:25  Pylon  
  25  2:36  Zealot  
  27  2:59  Nexus  
  27  3:15  Assimilator  
  27  3:18  Assimilator  
  27  3:22  Photon Cannon  
  30  3:27  Stalker  
  27  3:33  Mothership Core (Chrono Boost)  
  31  3:50  Pylon  
  31  3:53  Pylon  
  31  3:54  Probe (Chrono Boost)  
  32  4:05  Probe (Chrono Boost)  
  33  4:14  Probe (Chrono Boost)  
  33  4:15  Probe (Chrono Boost)  
  35  4:24  Probe (Chrono Boost)  
  36  4:33  Nexus  
  36  4:35  Probe (Chrono Boost)  
  37  4:40  Stalker  
  39  4:46  Probe (Chrono Boost)  
  39  4:49  Probe (Chrono Boost)  
  41  4:56  Probe (Chrono Boost)  
  43  5:00  Probe (Chrono Boost)  
  43  5:07  Probe (Chrono Boost)  
  44  5:10  Probe (Chrono Boost)  
  45  5:14  Stargate  
  45  5:17  Probe (Chrono Boost)  
  45  5:21  Probe (Chrono Boost)  
  47  5:28  Probe (Chrono Boost)  
  48  5:31  Probe (Chrono Boost)  
  49  5:38  Probe (Chrono Boost)  
  49  5:41  Twilight Council  
  49  5:42  Probe (Chrono Boost)  
  51  5:43  Stalker  
  51  5:49  Probe (Chrono Boost)  
  54  5:52  Probe (Chrono Boost)  
  55  5:59  Probe (Chrono Boost)  
  55  6:03  Probe (Chrono Boost)  
  57  6:10  Probe (Chrono Boost)  
  58  6:16  Stalker  
  60  6:21  Probe (Chrono Boost)  
  60  6:23  Oracle  
  64  6:27  Blink  
  64  6:31  Probe (Chrono Boost)  
  64  6:32  Probe (Chrono Boost)  
  66  6:33  Probe (Chrono Boost)  
  67  6:42  Probe (Chrono Boost)  
  68  6:51  Stalker  
  68  6:53  Nexus, Probe (Chrono Boost)  
  71  7:00  Gateway  
  71  7:02  Gateway  
  71  7:03  Probe (Chrono Boost)  
  71  7:05  Gateway  
  71  7:06  Gateway  
  72  7:08  Dark Shrine  
  72  7:11  Robotics Facility  
  72  7:14  Probe (Chrono Boost), Fleet Beacon  
  70  7:45  Probe (Chrono Boost)  
  71  7:54  Pylon  
  71  7:56  Probe (Chrono Boost)  
  71  7:57  Pylon  
  72  8:03  Pylon  
  78  8:06  Probe (Chrono Boost)  
  78  8:07  Pylon  
  78  8:09  Stargate  
  78  8:10  Stargate  
  78  8:12  Stargate  
  79  8:14  Stargate  
  79  8:15  Stargate  
  79  8:17  Probe x2 (Chrono Boost)  
  81  8:27  Probe x2 (Chrono Boost)  
  81  8:30  Assimilator  
  81  8:32  Assimilator  
  83  8:38  Probe x2 (Chrono Boost)  
  85  8:45  Stalker  
  85  8:46  Stalker x4  
  85  8:48  Probe x2 (Chrono Boost)  
  96  8:52  Protoss Ground Weapons Level 1 (Chrono Boost)  
  97  8:57  Probe x2  
  99  9:08  Probe x2  
  101  9:17  Stalker x3  
  101  9:18  Stalker x2, Probe x2  
  113  9:29  Probe x2  
  109  9:39  Void Ray x2, Probe x2  
  109  9:40  Void Ray x2  
  109  9:41  Void Ray  
  131  9:50  Probe  
  119  10:00  Probe  
  117  10:11  Probe  
  83  10:22  Dark Templar x5  
  72  10:29  Void Ray  
  76  10:42  Void Ray  
  80  10:53  Assimilator  
  80  10:57  Assimilator  
  80  11:07  Probe  
  81  11:17  Probe  
  74  11:28  Probe  
  75  11:38  Probe  
  76  11:49  Void Ray x2, Probe  
  91  12:18  Pylon  
  91  12:24  Pylon, Forge, Cybernetics Core  
  91  12:26  Pylon  
  83  12:36  Zealot x3  
  83  12:37  Zealot  
  89  12:57  Pylon  
  89  12:59  Pylon  
  89  13:06  Stargate  
  89  13:07  Stargate  
  89  13:09  Stargate  
  89  13:11  Stargate  
  89  13:12  Stargate  
  89  13:13  Stargate  
  89  13:17  Stargate, Mothership Core  
  91  13:29  Probe  
  92  13:40  Probe  
  92  13:57  Pylon  
  92  14:00  Pylon  
  92  14:02  Pylon  
  91  14:03  Pylon  
  91  14:05  Pylon  
  91  14:06  Pylon  
  91  14:08  Pylon  
  78  14:10  Pylon  
  78  14:11  Pylon  
  70  14:30  Void Ray x4  
  94  14:54  Void Ray  
  63  15:40  Void Ray x2  
  63  15:41  Void Ray  
  63  16:49  Void Ray  
  67  17:19  Void Ray  
Show
View Real Time Build Order
Export as new Build Order

Jaeger Terran 

Build Orders: MMM Bio 

Get SALT Encoding   

  12  0:02  SCV  
  13  0:15  Supply Depot  
  13  0:18  SCV  
  14  0:32  SCV  
  15  0:41  Barracks  
  15  0:44  SCV  
  16  0:56  SCV  
  17  0:58  Refinery  
  17  1:08  SCV  
  18  1:20  SCV  
  19  1:30  Marine  
  19  1:31  Supply Depot  
  19  1:32  SCV  
  21  1:45  SCV  
  22  1:47  Marine  
  23  1:54  Engineering Bay  
  23  2:03  Factory  
  23  2:12  Barracks Tech Lab  
  23  2:20  Barracks  
  23  2:34  Marauder  
  25  2:40  SCV  
  25  2:43  Refinery  
  26  2:52  SCV  
  27  3:04  Marauder  
  29  3:05  Factory Tech Lab  
  28  3:14  Barracks Reactor  
  28  3:19  Orbital Command  
  28  3:21  Supply Depot  
  28  3:31  Siege Tank  
  31  3:50  Missile Turret  
  31  3:52  Missile Turret  
  31  3:55  Stimpack, Marine  
  31  3:56  Marine  
  33  4:08  Marauder, Command Center  
  35  4:19  Marine  
  35  4:20  Marine  
  37  4:25  Terran Infantry Weapons Level 1  
  37  4:31  SCV  
  38  4:39  Marauder  
  38  4:42  Supply Depot  
  40  4:47  Siege Tank  
  43  5:02  Marine  
  43  5:03  Marauder, Marine  
  47  5:19  Barracks  
  47  5:26  Marauder  
  47  5:27  Marine x2  
  51  5:31  SCV  
  52  5:36  SCV  
  53  5:48  SCV  
  54  5:52  Starport  
  56  5:57  Marauder  
  56  5:58  Marine  
  56  6:01  Marine  
  56  6:04  SCV  
  59  6:14  Barracks Tech Lab  
  59  6:23  Marauder  
  59  6:24  Siege Tank  
  64  6:25  Marine  
  64  6:26  Marine  
  64  6:32  Starport Reactor  
  66  6:34  SCV  
  66  6:37  SCV  
  68  6:50  Marauder, Refinery  
  70  6:56  Supply Depot  
  70  6:57  Marauder  
  72  7:02  SCV  
  72  7:03  SCV  
  74  7:13  Marauder  
  74  7:14  SCV  
  77  7:16  Concussive Shells  
  77  7:18  Marauder  
  77  7:21  Combat Shields  
  79  7:27  Terran Infantry Armor Level 1  
  79  7:29  Liberator  
  79  7:32  Marine x2  
  79  7:34  SCV  
  79  7:35  SCV  
  83  7:38  Liberator  
  86  7:57  SCV  
  90  7:59  SCV  
  90  8:02  Marauder  
  93  8:09  Marauder, SCV  
  93  8:11  SCV  
  93  8:12  Supply Depot  
  97  8:17  Siege Tank  
  100  8:26  Marine x2  
  104  8:34  Marauder  
  104  8:37  Supply Depot  
  104  8:45  Orbital Command  
  104  8:52  Marauder, Marine  
  104  8:53  Medivac, Marine, Refinery  
  110  8:58  Medivac  
  112  9:17  Marine x2  
  112  9:20  Marauder x2  
  118  9:30  Siege Tank  
  117  9:35  Marine  
  118  10:03  Marine x2  
  118  10:04  Marauder  
  118  10:06  Marauder  
  115  10:21  Marine  
  108  10:45  Medivac  
  108  10:46  Medivac  
  108  10:47  Reaper  
  108  10:48  Reaper, Marine x2  
  116  11:06  Marine x2  
  116  11:10  Command Center  
  118  11:19  Siege Tank  
  118  11:23  Marine  
  118  11:38  Marauder x2, Marine  
  112  11:41  Marine  
  111  11:51  Siege Tank  
  114  11:55  Marine  
  114  11:57  Viking  
  117  12:05  Viking  
  117  12:06  Marauder x2  
  117  12:08  Supply Depot  
  123  12:12  Supply Depot  
  123  12:27  Viking  
  125  12:30  Supply Depot  
  125  12:35  Viking, Supply Depot  
  127  12:52  SCV  
  127  12:53  Supply Depot  
  127  12:56  Refinery  
  127  12:57  Viking  
  127  12:58  Supply Depot  
  130  13:04  SCV  
  130  13:05  Viking  
  133  13:16  SCV  
  134  13:20  Refinery  
  134  13:27  Viking  
  134  13:28  SCV  
  134  13:30  Armory  
  137  13:35  Viking  
  137  13:41  SCV  
  89  15:35  Viking  
  89  15:36  Viking  
  89  15:38  Marine x4  
  94  15:55  Thor  
  94  15:56  Marine x4  
  93  16:00  Missile Turret  
  93  16:02  Missile Turret  
  93  16:05  Viking  
  93  16:06  Viking  
  97  16:13  Marine  
  97  16:14  Marine x3  
  97  16:18  Command Center  
  89  16:31  Marine  
  89  16:32  Marine x3  
  69  16:38  Thor  
  55  17:05  Starport  
  55  17:06  Starport  
  55  17:09  Starport x2  
  55  17:13  Command Center  
  55  17:19  Command Center  
  49  17:33  SCV  
  29  17:45  Viking, SCV  
  29  17:46  Viking x3  
  37  17:57  Barracks, SCV  
  37  17:59  Barracks  
  37  18:02  Barracks x2  
  35  18:09  SCV  
  30  18:17  Viking x2  
  30  18:18  Viking x2  
  33  18:21  SCV  
  33  18:28  SCV  
Tags
 
Composition
MMM Bio
Matchup
PvT
Add a new tag
Caveats
  • Supply blocks, unpowered buildings, or Contaminate may cause inaccurate times.
  • Supply counts are checked every 10 seconds.